 Dungeon Crawl Stone Soup version 0.27.0-1-g7a089689b8 (webtiles) character file.

Game seed: 5056656437658188268

241 nxtlvl the Slasher (level 5, -1/31 HPs)
             Began as a Deep Elf Monk on Aug 6, 2021.
             Slain by a mummy (10 damage)
             ... in an ossuary.
             The game lasted 00:17:45 (1483 turns).

nxtlvl the Slasher (Deep Elf Monk)                  Turns: 1483, Time: 00:17:46

Health: -1/31      AC:  6    Str:  8    XL:     5   Next: 80%
Magic:  7/7        EV: 10    Int: 15    God:
Gold:   100        SH:  4    Dex: 18    Spells: 4/4 levels left

rFire    . . .     SeeInvis .   a - +0 falchion
rCold    . . .     Faith    .   e - +0 buckler
rNeg     . . .     Spirit   .   c - +0 ring mail
rPois    .         Reflect  .   (no helmet)
rElec    .         Harm     .   d - +0 cloak
rCorr    .         Rampage  .   (no gloves)
Will     .....                  (no boots)
Stlth    ++........             (no amulet)
HPRegen  0.10/turn              (no ring)
MPRegen  0.10/turn              (no ring)

@: flying, very slightly contaminated, invisible
A: no striking features
a: no special abilities


You were in an ossuary.
You visited 1 branch of the dungeon, and saw 5 of its levels.
You also visited: Ossuary.

You collected 100 gold pieces.

Inventory:

Hand Weapons
 a - a +0 falchion (weapon)
Missiles
 i - 21 arrows
Armour
 c - a +0 ring mail (worn)
 d - a +0 cloak (worn)
 e - a +0 buckler (worn)
Wands
 h - a wand of iceblast (1)
Scrolls
 b - a scroll of fog
 f - a scroll of teleportation
 g - a scroll of vulnerability {unknown}
 k - a scroll of amnesia {unknown}
 l - a scroll of fear {unknown}
 o - a scroll of identify {unknown}
Potions
 j - a potion of invisibility
 m - a potion of curing
 n - a potion of attraction {unknown}
 p - a potion of flight


   Skills:
 - Level 2.4 Fighting
 + Level 5.9 Long Blades
 - Level 3.6 Dodging
 - Level 3.0 Stealth


You had 4 spell levels left.
You didn't know any spells.
Your spell library was empty.

Dungeon Overview and Level Annotations

Branches:
Dungeon (5/15)            Ossuary (1/1)
 Temple: D:4-7

Altars:
Makhleb

Annotations:
D:3 exclusion: upstairs
D:4 1 runed translucent door, tizzy's ghost, novice DsFi
D:5 Ijyb


Message History

You hit the kobold zombie.
The kobold zombie is almost destroyed.
The kobold zombie hits you but does no damage.
You hit the kobold zombie but do no damage.
The kobold zombie is almost destroyed.
The kobold zombie hits you but does no damage.
You hit the kobold zombie but do no damage.
The kobold zombie is almost destroyed.
You feel less wooden.
Your +0 cloak unmelds from your body.
Your +0 ring mail unmelds from your body.
The kobold zombie hits you but does no damage.
Your shield and ring mail prevent you from hitting the kobold zombie.
The kobold zombie is almost destroyed.
The kobold zombie closely misses you.
You riposte.
You hit the kobold zombie.
You destroy the kobold zombie!
A mummy is nearby!
Okay, then.
Okay, then.
You open the door.
Found four items.
Found a scroll of fog.
There is an open door here.
You see here 2 potions of invisibility.
j - 2 potions of invisibility You fade into invisibility!
The mummy closely misses you.
You riposte.
You barely miss the mummy.
You are very lightly contaminated with residual magic.
You hit the mummy.
The mummy is lightly damaged.
You hit the mummy but do no damage.
The mummy is lightly damaged.
The mummy hits you!
* * * LOW HITPOINT WARNING * * *
You see here 2 orange potions.
p - 2 orange potions It was a potion of flight.
You feel very buoyant.
You fly up into the air.
The mummy hits you!
You die...

######################
#.........∩∩.........#
#.......Z.Z...Z......#
#...##############...#
#...# #...#@!?#.Z.#
#...#.####...#M!?#Z..#
#...#Z.......Z####ZZ.#
#...######.∩.....#..Z#
#..Z#....#.......#ZZ.#
#...#.#..#.......#...#
#...#.####.......#...#
#...#............#Z..#
#...#.####..####.#...#


You could see a mummy and an elf zombie.

Vanquished Creatures
  A sky beast (D:4)
  A centaur zombie (Ossuary)
  A hound (D:4)
  A human zombie (Ossuary)
  An adder (D:5)
  A dart slug (D:3)
  3 endoplasms
  A giant cockroach (D:1)
  3 goblins
  3 hobgoblins
  7 jackals
  5 ball pythons
  A bat (D:2)
  A goblin zombie (Ossuary)
  9 hobgoblin zombies (Ossuary)
  3 jackal zombies (Ossuary)
  3 kobolds
  8 kobold zombies (Ossuary)
  8 orc zombies (Ossuary)
  A quokka skeleton (D:4)
62 creatures vanquished.

Vanquished Creatures (others)
  A plant (D:5)
1 creature vanquished.

Grand Total: 63 creatures vanquished

Notes
Turn   | Place    | Note
-------+----------+-------------------------------------------
     0 | D:1      | nxtlvl the Deep Elf Monk began the quest for the Orb.
     0 | D:1      | Reached XP level 1. HP: 13/13 MP: 3/3
    96 | D:1      | You fall into a shaft and drop 1 floor!
   178 | D:2      | Reached skill level 3 in Long Blades
   200 | D:2      | Found a burning altar of Makhleb.
   232 | D:1      | Reached XP level 2. HP: 9/18 MP: 4/4
   564 | D:5      | Entered Level 5 of the Dungeon
   569 | D:5      | Reached XP level 3. HP: 15/22 MP: 5/5
   639 | D:4      | Found a runed translucent door.
   643 | D:4      | Noticed tizzy's ghost (novice DsFi)
   704 | D:4      | Reached skill level 4 in Long Blades
   731 | D:3      | Reached XP level 4. HP: 21/27 MP: 6/6
   829 | D:5      | Noticed a sky beast
   842 | D:4      | Killed a sky beast
   843 | D:4      | Reached skill level 5 in Long Blades
   843 | D:4      | Reached XP level 5. HP: 11/31 MP: 7/7
   853 | D:5      | Noticed Ijyb
  1019 | D:4      | Found a sand-covered staircase.
  1029 | Ossuary  | Entered an ossuary
  1483 | Ossuary  | Slain by a mummy

Illustrated notes

Levels and vault maps discovered:
D:1:      dpeg_arrival_simpleton_c, layout_rooms,
          hellmonk_ecumenical_altar_zigzags
D:2:      layout_loops_ring, basic_altar, kennysheep_generic_room_6
D:3:      layout_rooms
D:4:      layout_loops_cross, nicolae_ossuary_entry_ruins,
          ebering_ghost_reflecting_pool, amcnicky_mini_corridor_feature
D:5:      minmay_chambers_of_fours, layout_basic, mainiacjoe_overflow_alcove_2,
          cheibrodos_sewer_entry_bend, serial_bayou_lagoon_a,
          minmay_fire_ice_demons, uniq_ijyb
Ossuary:  ossuary_tomb_1

Skill      XL: |  1  2  3  4 |
---------------+-------------+-----
Long Blades    | 3 4 5 |  5.9
Stealth        | 3 |  3.0
Fighting       | |  2.4
Dodging        | |  3.6

Action                   |  1- 3 |  4- 6 || total
-------------------------+-------+-------++-------
Melee: Falchion          |    90 |   181 ||   271
Evoke: Wand              |     3 |     2 ||     5
  Use: Potion            |       |     4 ||     4
       Scroll            |       |     2 ||     2
 Stab: Sleeping          |     3 |     1 ||     4
Armor: Ring mail         |    36 |    73 ||   109
       Skin              |       |     3 ||     3
Dodge: Dodged            |    55 |    74 ||   129
Block: Buckler           |    12 |    28 ||    40
       Rpst.: Falchion   |    17 |    19 ||    36
